 Dungeon Crawl Stone Soup version 0.27.0-1-g7a089689b8 (webtiles) character file.

Game seed: 4769654277085374082

6 Froggeryz the Cudgeller (level 1, -1/12 HPs)
             Began as a Gargoyle Gladiator on July 31, 2021.
             Slain by a rat (3 damage)
             ... on level 1 of the Dungeon.
             The game lasted 00:00:21 (87 turns).

Froggeryz the Cudgeller (Gargoyle Gladiator)          Turns: 87, Time: 00:00:21

Health: -1/12      AC:  6    Str: 17    XL:     1   Next: 90%
Magic:  1/1        EV: 12    Int:  8    God:
Gold:   0          SH:  0    Dex: 11    Spells: 0/0 levels left

rFire    . . .     SeeInvis .   a - +0 flail
rCold    . . .     Faith    .   (no shield)
rNeg     + . .     Spirit   .   b - +0 leather armour
rPois    ∞         Reflect  .   c - +0 helmet
rElec    +         Harm     .   (no cloak)
rCorr    .         Rampage  .   (no gloves)
Will     .....                  (no boots)
Stlth    +.........             (no amulet)
HPRegen  0.04/turn              (no ring)
MPRegen  0.07/turn              (no ring)

@: no status effects
A: sickness immunity, AC +2, negative energy resistance 1, electricity
resistance, torment resistance 1, petrification resistance
a: no special abilities


You were on level 1 of the Dungeon.
You visited 1 branch of the dungeon, and saw 1 of its levels.

Inventory:

Hand Weapons
 a - a +0 flail (weapon)
Missiles
 d - 3 throwing nets (quivered)
Armour
 b - a +0 leather armour (worn)
 c - a +0 helmet (worn)
Scrolls
 e - a scroll of enchant weapon {unknown}


   Skills:
 - Level 2.1 Fighting
 * Level 3.3 Maces & Flails
 - Level 1.7 Throwing
 + Level 0.5 Armour
 - Level 2.4 Dodging


You couldn't memorise any spells.
You didn't know any spells.
Your spell library was empty.

Dungeon Overview and Level Annotations

Branches:
Dungeon (1/15)

Altars:


Innate Abilities, Weirdness & Mutations

You are immune to sickness and miasma.
Your stone body is resilient. (AC +2)
You are immune to poison.
You resist negative energy. (rN+)
You are resistant to electric shocks. (rElec)
You are resistant to unholy torment.
You are immune to petrification.


Message History

The ball python constricts you.
The ball python bites you but does no damage.
The ball python closely misses you. The ball python constricts you.
You completely miss the ball python.
The ball python is moderately wounded.
The ball python bites you but does no damage. x2
The ball python constricts you.
The ball python bites you but does no damage.
You sock the ball python!
You kill the ball python!
The ball python bites you but does no damage.
The ball python grabs you. The ball python constricts you.
You hit the giant cockroach.
The giant cockroach is moderately wounded.
The ball python bites you but does no damage.
The ball python constricts you.
The giant cockroach bites you but does no damage. x2
The ball python bites you but does no damage.
The ball python constricts you.
You hit the ball python.
You kill the ball python!
The giant cockroach bites you but does no damage.
You hit the giant cockroach but do no damage.
The giant cockroach is moderately wounded.
The giant cockroach bites you but does no damage.
The giant cockroach barely misses you.
You sock the giant cockroach!
You kill the giant cockroach!
You closely miss the ball python. The ball python barely misses you.
The ball python completely misses you. The ball python bites you.
* * * LOW HITPOINT WARNING * * *
The ball python grabs you. The ball python constricts you.
You hit the ball python.
You kill the ball python!
You closely miss the hobgoblin. The hobgoblin hits you.
* * * LOW HITPOINT WARNING * * *
You hit the hobgoblin.
You kill the hobgoblin!
The rat bites you.
You die...

..............
................. .=..
.........>.. . .....
........... . ...
.......... ... .........
# .#.##.###†....... ##
.........r@........ .##
.....#.#.###.##.... ..##
......#.#g...#....
...######....r.#.........
.......<#........r..###.#
+########...........?....
.........................
...# #..................
..## #..................


You could see a rat.

Vanquished Creatures
  A giant cockroach (D:1)
  A goblin (D:1)
  A hobgoblin (D:1)
  3 ball pythons (D:1)
  A bat (D:1)
7 creatures vanquished.

Notes
Turn   | Place    | Note
-------+----------+-------------------------------------------
     0 | D:1      | Froggeryz the Gargoyle Gladiator began the quest for the
                  | Orb.
     0 | D:1      | Reached XP level 1. HP: 12/12 MP: 1/1
    87 | D:1      | Slain by a rat

Illustrated notes

Levels and vault maps discovered:
D:1:      amcnicky_arrival_feature_with_door, layout_rooms

Action                   || total
-------------------------++-------
Melee: Flail             ||    31
Armor: Leather armour    ||    26
Dodge: Dodged            ||    48
